 Dungeon Crawl Stone Soup version 0.26-a0-660-gc07710193c (console) character file.

Game seed: 12039728218859680345

844 om the Covered (level 7, -10/59 HPs)
             Began as a Minotaur Fighter on Oct 7, 2020.
             Was an Initiate of Okawaru.
             Killed by divine providence
             ... invoked by an orc priest
              (11 damage)
             ... on level 4 of the Dungeon.
             The game lasted 00:07:32 (3318 turns).

om the Covered (Minotaur Fighter)                   Turns: 3318, Time: 00:07:32

Health: -10/59     AC:  7    Str: 22    XL:     7   Next: 68%
Magic:  6/6        EV: 10    Int:  5    God:    Okawaru [......]
Gold:   196        SH: 14    Dex: 10    Spells: 6/6 levels left

rFire    + . .     SeeInvis .   a - +0 war axe
rCold    . . .     Faith    .   c - +0 kite shield
rNeg     . . .     Spirit   .   b - +0 scale mail
rPois    +         Reflect  +   (helmet restricted)
rElec    .         Harm     .   (no cloak)
rCorr    .         Rampage  .   (no gloves)
MR       .....                  (no boots)
Stlth    ..........             u - amulet of reflection
HPRegen  0.19/turn              d - ring of poison resistance
MPRegen  0.10/turn              q - ring of protection from fire

@: no status effects
A: retaliatory headbutt, horns 2
a: Renounce Religion


You were on level 4 of the Dungeon.
You worshipped Okawaru.
Okawaru was noncommittal.
You visited 1 branch of the dungeon, and saw 4 of its levels.

You collected 196 gold pieces.

Inventory:

Hand Weapons
 a - a +0 war axe (weapon)
Armour
 b - a +0 scale mail (worn)
 c - a +0 kite shield (worn)
Jewellery
 d - a ring of poison resistance (left hand)
 j - a +4 ring of protection
 m - an uncursed amulet of faith
 q - a ring of protection from fire (right hand)
 u - an amulet of reflection (around neck)
 w - an uncursed ring of fire {unknown}
Scrolls
 e - 5 scrolls of teleportation {unknown}
 f - 5 scrolls of amnesia {unknown}
 h - 2 scrolls of identify {unknown}
 i - 3 scrolls of noise {unknown}
 k - 2 scrolls of immolation {unknown}
 l - a scroll of fear {unknown}
 o - a scroll of fog {unknown}
 s - a scroll of blinking {unknown}
 v - 4 scrolls of remove curse {unknown}
Potions
 g - a potion of haste {unknown}
 p - 2 potions of lignification {unknown}
 r - a potion of stabbing {unknown}
 t - 2 potions of mutation {unknown}
 x - a potion of invisibility {unknown}
 z - a potion of cancellation {unknown}


   Skills:
 - Level 4.0 Fighting
 + Level 6.4 Axes
 * Level 6.9 Armour
 - Level 5.0 Dodging
 - Level 4.0 Shields


You had 6 spell levels left.
You didn't know any spells.
Your spell library was empty.

Dungeon Overview and Level Annotations

Branches:
Dungeon (4/15)
 Temple: D:4-7

Altars:
Elyvilon
Makhleb
Nemelex Xobeh
Okawaru
Qazlal
Wu Jian
Zin

Shops:
D:4 *

Annotations:
D:4 1 runed translucent door, Crazy Yiuf


Innate Abilities, Weirdness & Mutations

You reflexively headbutt those who attack you in melee.
You have a pair of horns on your head.


Message History

Beogh smites you!
* * * LOW HITPOINT WARNING * * *
You hit the orc.
You kill the orc!
Okawaru accepts your kill. You block the orc's attack.
You slash the orc!
You kill the orc!
Okawaru accepts your kill.
The orc priest invokes the aid of Beogh against you.
Pain shoots through your body!
* * * LOW HITPOINT WARNING * * *
Okay, then.
You feel better.
The orc priest invokes the aid of Beogh against you.
Pain shoots through your body!
* * * LOW HITPOINT WARNING * * *
The orc priest calls down the wrath of Beogh upon you.
Beogh smites you!
You die...

.............###.#...##.P♣.#P♣♣..
......>........# #.#.# ####♣(..
.............#.# #...♣♣# #.♣....
#............#.# #o....###♣..(...
#............# # #o######.)).....
#............# #.# ###..()♣.♣..
#............# # #.###P♣(.).#..♣.
#............# #.#...#()).♣##..P.
#............# #...#...(÷.# ##♣♣.
#............#.####..).♣### ♣♣
#[...........#..@.oo(.## ♣.
#............######(#### #♣
.............# #(#..##########
....##.......# #.............#
....########.# ###.#########.#
....# #.# #.# #.. ....# #.# #.#
##. ##### #.# #.# #. #.# #.# #.
#.# #.# #. #.# #.# ##


You could see 2 orc priests.

Vanquished Creatures
  Edmund (D:3)
  A phantom (D:4)
  2 ogres (D:4)
  A big kobold (D:4)
  A bullfrog (D:4)
  Blork the orc (D:4)
  A hound (D:4)
  A jelly (D:3)
  An orc wizard (D:4)
  2 worker ants (D:4)
  5 adders
  An ooze (D:2)
  An adder skeleton (D:4)
  3 worms
  A dart slug (D:1)
  2 leopard geckos
  7 orcs
  8 bats
  2 giant cockroaches (D:2)
  5 goblins
  4 hobgoblins
  23 kobolds
  A quokka (D:3)
  A ball python (D:4)
  4 frilled lizards
  A leopard gecko skeleton (D:4)
  A quokka skeleton (D:4)
  2 rats
84 creatures vanquished.

Vanquished Creatures (others)
  12 plants (D:4)
12 creatures vanquished.

Grand Total: 96 creatures vanquished

Notes
Turn   | Place    | Note
-------+----------+-------------------------------------------
     0 | D:1      | om the Minotaur Fighter began the quest for the Orb.
     0 | D:1      | Reached XP level 1. HP: 19/19 MP: 0/0
   195 | D:1      | Reached XP level 2. HP: 27/27 MP: 1/1
   766 | D:2      | Reached XP level 3. HP: 29/33 MP: 2/2
  1292 | D:2      | Reached XP level 4. HP: 39/40 MP: 3/3
  1355 | D:3      | Found a sparkling altar of Nemelex Xobeh.
  1361 | D:3      | Found a stormy altar of Qazlal.
  1361 | D:3      | Found an ornate altar of the Wu Jian Council.
  1361 | D:3      | Found a white marble altar of Elyvilon.
  1725 | D:3      | Reached skill level 5 in Axes
  1725 | D:3      | Reached skill level 1 in Dodging
  1973 | D:4      | Noticed an ogre
  1982 | D:4      | Killed an ogre
  1982 | D:4      | Reached XP level 5. HP: 46/46 MP: 4/4
  2080 | D:4      | Found an iron altar of Okawaru.
  2086 | D:4      | Noticed Edmund
  2118 | D:3      | Killed Edmund
  2118 | D:3      | Reached skill level 5 in Dodging
  2118 | D:3      | Reached XP level 6. HP: 33/52 MP: 5/5
  2424 | D:4      | Reached skill level 5 in Armour
  2546 | D:4      | Became a worshipper of Warmaster Okawaru
  2601 | D:4      | Found Zin's Purification Station.
  2603 | D:4      | Found a glowing silver altar of Zin.
  2625 | D:4      | Found a burning altar of Makhleb.
  2625 | D:4      | Noticed an Executioner
  2634 | D:4      | Noticed a smoke demon
  2634 | D:4      | Noticed a neqoxec
  2656 | D:4      | Reached XP level 7. HP: 42/59 MP: 6/6
  2837 | D:4      | Found a runed translucent door.
  2838 | D:4      | Noticed Crazy Yiuf
  3277 | D:4      | Noticed Blork the orc
  3298 | D:4      | Killed Blork the orc
  3316 | D:4      | HP: 1/59 [orc priest/nerve-wracking pain (3)]
  3318 | D:4      | Killed from afar by an orc priest

Illustrated notes

Levels and vault maps discovered:
D:1:      minmay_arrival_glassed_features, layout_basic, serial_glass,
          glass_columns_c, glass_columns_b, kennysheep_pointless_box
D:2:      layout_rooms, minmay_domino_4
D:3:      layout_basic, grunt_temple_overflow_open
D:4:      kennysheep_kobold_camp, layout_basic, zin_purify,
          makhleb_altar_promises_db, okawaru_metal_pillars_1_2,
          uniq_blork_the_orc, uniq_edmund, uniq_crazy_yiuf_cottage

Skill      XL: |  1  2  3  4  5  6  7 |
---------------+----------------------+-----
Axes           | 3 4 5 6 |  6.4
Fighting       | 4 |  4.0
Armour         | 4 5 6 |  6.9
Shields        | 4 |  4.0
Dodging        | 3 5 |  5.0

Action                   |  1- 3 |  4- 6 |  7- 9 || total
-------------------------+-------+-------+-------++-------
Melee: War axe           |    83 |   100 |    60 ||   243
       Headbutt          |    14 |    12 |    11 ||    37
  Use: Potion            |       |     1 |     3 ||     4
Armor: Scale mail        |    55 |    12 |    18 ||    85
Dodge: Dodged            |    30 |    31 |    15 ||    76
Block: Kite shield       |    39 |    76 |    54 ||   169
       Reflection        |       |       |     9 ||     9

Table legend: (Time is in decaauts)
 A = Elapsed time spent in this place.
 B = Non-inter-level travel time spent in this place.
 C = Inter-level travel time spent in this place.
 D = Time resting spent in this place.
 E = Time spent auto-exploring this place.
 F = Levels seen in this place.
 G = Mean time per level.
                   A        B        C        D        E       F      G
               +--------+--------+--------+--------+--------+-----+--------+
         Total |   3399 |   3333 |     66 |    505 |   2116 |   4 |  849.8 |
       Dungeon |   3399 |   3333 |     66 |    505 |   2116 |   4 |  849.8 |
               +--------+--------+--------+--------+--------+-----+--------+

Top non-repeatable levels by time:
     D:4: 1159 daAuts
     D:3: 853 daAuts
     D:1: 746 daAuts
     D:2: 639 daAuts
